 Dungeon Crawl Stone Soup version 0.21.1-1-g345015fe64 (webtiles) character file.

3756 Gargoyl the Skirmisher (level 9, -2/78 HPs)
             Began as a Centaur Abyssal Knight on June 1, 2018.
             Was an Elder of Lugonu.
             Slain by a hornet (8 damage)
             ... on level 8 of the Dungeon.
             The game lasted 00:13:08 (7129 turns).

Gargoyl the Skirmisher (Centaur Abyssal Knight)     Turns: 7129, Time: 00:13:09

Health: -2/78      AC: 21    Str: 17    XL:     9   Next: 94%
Magic:  13/13      EV:  4    Int: 11    God:    Lugonu [****..]
Gold:   465        SH:  3    Dex: 10    Spells: 8/8 levels left

rFire    . . .     SeeInvis .   h - +3 hand axe (flame)
rCold    + + .     Gourm    .   s - +0 buckler
rNeg     . . .     Faith    .   u - +2 chain mail {rC+}
rPois    .         Spirit   .   p - +2 helmet
rElec    .         Reflect  .   (no cloak)
rCorr    .         Harm     .   i - +0 pair of gloves
MR       .....                  t - +0 centaur barding
Stlth    ..........             m - amulet of magic regeneration
HPRegen  0.23/turn              k - +1 ring of evasion
MPRegen  0.38/turn              f - ring of protection from cold

@: slowed
A: large, hooves 3, deformed body, speed 2, tough skin 3
a: Depart the Abyss, Bend Space, Banish, Corrupt, Renounce Religion


You were on level 8 of the Dungeon.
You worshipped Lugonu.
Lugonu was greatly pleased with you.
You were very hungry.

You visited 1 branch of the dungeon, and saw 8 of its levels.
You visited the Abyss 1 time.

You collected 465 gold pieces.

Inventory:

Hand Weapons
 h - a +3 hand axe of flaming (weapon)
 w - a +0 war axe
Missiles
 F - 5 exploding tomahawks (quivered)
Armour
 i - a +0 pair of gloves (worn)
 p - a +2 helmet (worn)
 s - a +0 buckler (worn)
 t - a +0 centaur barding (worn)
 u - a +2 chain mail of cold resistance (worn)
Jewellery
 f - a ring of protection from cold (right hand)
 k - a +1 ring of evasion (left hand)
 m - an amulet of magic regeneration (around neck)
 A - the ring of Efizi {MP+9 Dex+4, unknown}
   (You found it on level 5 of the Dungeon)

   [ring of magical power]

   It affects your dexterity (+4).
   It affects your magic capacity (+9).
Scrolls
 d - 4 scrolls of teleportation
 j - 5 scrolls of remove curse
 y - 2 scrolls of blinking
 z - a scroll of identify
 B - 2 scrolls of magic mapping
 C - 2 scrolls of amnesia
 G - a scroll of holy word {unknown}
 H - a scroll of enchant weapon
Potions
 b - 2 potions of agility {unknown}
 g - a potion of cancellation
 l - 2 potions of heal wounds
 n - a potion of flight
 o - a potion of berserk rage {unknown}
 q - 4 potions of degeneration {unknown}
 r - 2 potions of mutation {unknown}
 v - 2 potions of might {unknown}
 x - a potion of haste {unknown}
 D - a potion of lignification {unknown}
 E - a potion of experience {unknown}
Miscellaneous
 e - a lightning rod (4/4)
Comestibles
 c - 5 rations


   Skills:
 + Level 6.9 Fighting
 + Level 6.9 Axes
 + Level 0.9 Throwing
 * Level 6.4 Armour
 + Level 1.6 Dodging
 + Level 1.7 Shields
 * Level 6.2 Invocations
 + Level 0.1 Evocations


You had 8 spell levels left.
You didn't know any spells.

Dungeon Overview and Level Annotations

Branches:
Dungeon (8/15)             Temple (0/1) D:6
   Lair: D:8-11

Altars:
Dithmenos
Gozag
Kikubaaqudgha
Makhleb
Ru
Sif Muna
Xom
Zin
The Shining One

Shops:
D:7 }   D:8 :


Innate Abilities, Weirdness & Mutations

You have hooves in place of feet.
Armour fits poorly on your strangely shaped body.
You cover ground very quickly.
You have extremely tough skin. (AC +3)


Message History

You block the hornet's attack.
You hit the hornet. You burn the hornet. Your kick misses the hornet.
The hornet is almost dead.
You feel sick. The hornet stings you.
You feel as though you will be slow longer.
The hornet stings you!
* * * LOW HITPOINT WARNING * * *
You feel as though you will be slow longer.
You hit the hornet but do no damage. Your kick misses the hornet.
The hornet is almost dead.
You feel sick. The hornet stings you!
* * * LOW HITPOINT WARNING * * *
You feel as though you will be slow longer.
The hornet stings you but does no damage.
The hornet barely misses you.
You feel better. The hornet stings you!
* * * LOW HITPOINT WARNING * * *
You feel as though you will be slow longer.
The hornet stings you!
You die...

#.#..##......#.....######
#.##.##......'...........
#.##.##......#..>........
#.##.##....(.#...........
#.##.##......#..†........
#.##.##......###'####+###
#.##.########............
#.##..#†#.#.####.........
#.##..##@#.# #...<.....
#.##....#y# #.........
#.###.##.#a#####.........
#.# #.#######............
#.#####..................
#............############
#######......#...........
#......#...........
#......#...........


You could see a soldier ant and a hornet.

Vanquished Creatures
  The ghost of Tali the Cleaver, a novice MiFi (D:7)
  Sigmund (D:2)
  A hungry ghost (D:7)
  Menkaure (D:5)
  A small abomination (Abyss:3)
  3 phantoms
  2 sky beasts
  A centaur (D:8)
  6 ogres
  4 bullfrogs
  A scorpion (D:8)
  A water moccasin skeleton (D:7)
  4 crimson imps
  A bullfrog skeleton (D:6)
  4 hounds
  A jelly (D:7)
  2 orc priests
  4 orc wizards
  2 iguanas
  Terence (D:3)
  4 worker ants
  A hound zombie (D:8)
  Robin (D:2)
  A howler monkey zombie (D:7)
  4 gnolls (D:3)
  3 adders
  4 shadow imps
  An ooze (D:1)
  An adder skeleton (D:5)
  A worm (D:3)
  4 dart slugs
  6 leopard geckos
  26 orcs
  8 giant cockroaches
  8 goblins
  7 hobgoblins
  3 jackals (D:3)
  2 quokkas
  4 ball pythons
  5 bats
  3 frilled lizards
  6 kobolds
  2 quokka zombies
  5 rats
152 creatures vanquished.

Notes
Turn   | Place    | Note
-------+----------+-------------------------------------------
     0 | Abyss:1  | Gargoyl the Centaur Abyssal Knight began the quest for the Orb.
     0 | Abyss:1  | Reached XP level 1. HP: 19/19 MP: 2/2
    67 | Abyss:3  | Noticed a small abomination
    71 | Abyss:3  | Killed a small abomination
    71 | Abyss:3  | Reached XP level 2. HP: 28/28 MP: 3/3
    71 | Abyss:3  | Reached XP level 3. HP: 34/34 MP: 4/4
    71 | Abyss:3  | Reached XP level 4. HP: 41/41 MP: 5/5
    96 | Abyss:3  | Noticed a spatial vortex
    97 | Abyss:3  | Noticed a spatial vortex
   101 | Abyss:3  | Noticed a spatial maelstrom
   101 | Abyss:3  | Noticed a spatial vortex
   102 | Abyss:3  | Noticed a spatial vortex
   104 | Abyss:3  | Noticed a spatial vortex
   106 | D:1      | Escaped the Abyss
   330 | D:1      | Reached * piety under Lugonu
   957 | D:2      | Noticed Robin
   959 | D:2      | Reached XP level 5. HP: 47/47 MP: 7/7
   967 | D:2      | Killed Robin
  1058 | D:2      | Found a glowing golden altar of the Shining One.
  1156 | D:2      | Noticed Sigmund
  1178 | D:2      | Killed Sigmund
  1178 | D:2      | Reached XP level 6. HP: 32/55 MP: 8/8
  1423 | D:3      | Found a burning altar of Makhleb.
  1465 | D:3      | Reached ** piety under Lugonu
  2212 | D:3      | Noticed Terence
  2235 | D:3      | Killed Terence
  2235 | D:3      | Reached skill level 1 in Dodging
  2426 | D:3      | Found a sacrificial altar of Ru.
  2545 | D:4      | Reached skill level 5 in Fighting
  2750 | D:4      | Reached XP level 7. HP: 61/61 MP: 9/9
  3348 | D:5      | Entered Level 5 of the Dungeon
  3419 | D:5      | Found a glowing silver altar of Zin.
  3419 | D:5      | Noticed an angel
  3490 | D:5      | Reached skill level 1 in Shields
  3633 | D:5      | Reached *** piety under Lugonu
  3654 | D:5      | Noticed Menkaure
  3658 | D:5      | Killed Menkaure
  3704 | D:5      | Found an ancient bone altar of Kikubaaqudgha.
  3748 | D:5      | Reached XP level 8. HP: 49/68 MP: 11/11
  3930 | D:5      | Found a deep blue altar of Sif Muna.
  3995 | D:5      | Got a wavering ivory ring
  4370 | D:6      | Reached skill level 5 in Axes
  4525 | D:6      | Found a shadowy altar of Dithmenos.
  4660 | D:6      | Found a staircase to the Ecumenical Temple.
  4997 | D:6      | Found a shimmering altar of Xom.
  4997 | D:6      | Found a shadowy altar of Dithmenos.
  5218 | D:7      | Reached skill level 5 in Invocations
  5252 | D:7      | Noticed Tali's ghost (novice MiFi)
  5276 | D:7      | Killed Tali's ghost
  5276 | D:7      | Reached skill level 5 in Armour
  5276 | D:7      | Reached XP level 9. HP: 57/75 MP: 11/13
  5534 | D:7      | Found Yruowoemi's Gadget Boutique.
  5627 | D:7      | Reached **** piety under Lugonu
  6120 | D:8      | Found an opulent altar of Gozag.
  6125 | D:8      | Found Jioserch's Book Shop.
  6417 | D:8      | Noticed a two-headed ogre
  6652 | D:8      | Banished a two-headed ogre
  7123 | D:8      | Paralysed by a hornet for 1 turns
  7129 | D:8      | Slain by a hornet

Skill      XL: |  1  2  3  4  5  6  7  8  9 |
---------------+----------------------------+-----
Fighting       | 4 5 6 |  6.9
Axes           | 2 3 4 5 6 |  6.9
Armour         | 2 3 4 5 6 |  6.4
Invocations    | 3 4 5 6 |  6.2
Dodging        | 1 |  1.6
Shields        | 1 |  1.7
Throwing       | |  0.9
Evocations     | |  0.1

Action                   |  1- 3 |  4- 6 |  7- 9 || total
-------------------------+-------+-------+-------++-------
Melee: Hand axe          |       |   155 |   384 ||   539
       Kick              |       |    41 |    82 ||   123
Throw: Tomahawk          |       |       |     9 ||     9
Invok: Depart the Abyss  |       |     1 |       ||     1
       Banish            |       |       |     1 ||     1
Evoke: Lightning rod     |     2 |     2 |       ||     4
  Use: Scroll            |       |    11 |     8 ||    19
       Potion            |       |     6 |     1 ||     7
  Eat: Chunk             |       |     4 |     8 ||    12
       Ration            |       |       |     5 ||     5
Armor: Leather armour    |       |    20 |       ||    20
       Ring mail         |       |    49 |       ||    49
       Chain mail        |       |    11 |   263 ||   274
Dodge: Dodged            |       |    53 |    57 ||   110
Block: Buckler           |       |    18 |    42 ||    60
